 Dungeon Crawl Stone Soup version 0.31-a0-1549-g5ff9445e89 (webtiles) character file.

Game seed: 5637410287719605642

190 Xavori the Trooper (level 6, -10/46 HPs)
             Began as a Djinni Chaos Knight on Jan 2, 2024.
             Was a Plaything of Xom.
             Mangled by Tonberry's ghost (18 damage)
             ... on level 3 of the Dungeon.
             The game lasted 00:04:14 (11012 turns).

Xavori the Trooper (Djinni Chaos Knight)           Turns: 11012, Time: 00:04:14

Health: -10/46     AC:  8    Str: 11      XL:     6   Next: 1%
Gold:   1617       EV: 12    Int: 13      God:    Xom [.....*] SH:  0 Dex: 14 (15)

rFire   + + .        a - +0 falchion (chaos)
rCold   x . .        (no shield)
rNeg    + . .        b - +2 leather armour
rPois   ∞            l - +0 helmet
rElec   .            g - +0 cloak
rCorr   .            o - +0 pair of gloves
SInv    .            (boots unavailable)
Will    .....        (no amulet)
Stlth   +            d - ring of positive energy
HPRegen 0.27/turn    (no ring)
MPRegen 0.00/turn

%: clarity, infuse magic (-11 HP)
@: cleaving, flying
A: sickness immunity, fire resistance 2, cold vulnerability 1, float, innate
caster, HP casting, extra vitality 1, clarity, deterioration 1, MP-powered wands
a: Renounce Religion


You were on level 3 of the Dungeon.
You worshipped Xom.
You were Xom's teddy bear.
You visited 1 branch of the dungeon, and saw 4 of its levels.

You collected 1617 gold pieces.

Inventory:

Hand Weapons
 a - a +0 falchion of chaos (weapon)
Armour
 b - a +2 leather armour (worn)
 g - a +0 cloak (worn)
 l - a +0 helmet (worn)
 o - a +0 pair of gloves (worn)
Jewellery
 d - a ring of positive energy (left hand)
Wands
 p - a wand of charming (5)
Scrolls
 c - a scroll of butterflies
 f - 2 scrolls of blinking {unknown}
 i - 2 scrolls of teleportation {unknown}
 j - a scroll of immolation {unknown}
 k - a scroll of silence {unknown}
 m - a scroll of poison {unknown}
 q - a scroll of enchant armour {unknown}
 r - a scroll of amnesia {unknown}
 s - a scroll of revelation {unknown}
Potions
 e - a potion of cancellation
 h - 3 potions of curing


   Skills:
 + Level 3.6 Fighting
 + Level 3.3 Long Blades
 + Level 2.2 Armour
 + Level 3.1 Dodging
 * Level 2.1 Spellcasting
 * Level 2.1 Conjurations
 * Level 2.1 Hexes
   Level 0.0 Charms
 * Level 2.1 Summonings
 * Level 2.1 Necromancy
 * Level 2.1 Translocations
   Level 0.0 Transmutations
 * Level 2.1 Fire Magic
 * Level 2.1 Ice Magic
 * Level 2.1 Air Magic
 * Level 2.1 Earth Magic
 * Level 2.1 Alchemy
 + Level 0.0 Evocations


You knew the following spells:

 Your Spells              Type           Power      Damage    Failure   Level
a - Apportation           Tloc           14%        N/A       14%         1
b - Mercury Vapours       Alch/Air       14%        N/A       21%         2
Your spell library was empty.

Dungeon Overview and Level Annotations

Branches:
Dungeon (4/15)
 Temple: D:4-7

Altars:
Dithmenos
Xom

Shops:
D:2 :

Annotations:
D:3 Tonberry's ghost, amateur DgCj


Innate Abilities, Weirdness & Mutations

You are immune to sickness and miasma.
You are immune to poison.
Your flesh is very heat resistant. (rF++)
You are vulnerable to cold. (rC-)
You float through the air rather than walking.
You learn spells naturally, not from books.
Your magical power is your life essence.
You have superior vitality. (+4 MHP)
You possess an exceptional clarity of mind.
Your body sometimes deteriorates upon taking damage.
You expend health (3 HP) to strengthen your wands.


Message History

Tonberry's ghost hits you but does no damage.
You barely miss Tonberry's ghost.
Tonberry's ghost points at you and mumbles some strange words.
The magic dart hits you!
Your body deteriorates!
You feel clumsy.
You slash Tonberry's ghost! You freeze Tonberry's ghost.
Tonberry's ghost is moderately damaged.
Tonberry's ghost completely misses you. Tonberry's ghost closely misses you.
You hit Tonberry's ghost.
Tonberry's ghost convulses.
Tonberry's ghost is moderately damaged.
Tonberry's ghost casts a spell at you. The magic dart hits you.
You barely miss Tonberry's ghost.
Tonberry's ghost is moderately damaged.
Tonberry's ghost barely misses you.
You closely miss Tonberry's ghost.
Tonberry's ghost is moderately damaged.
Tonberry's ghost points at you and mumbles some strange words.
The magic dart hits you!
* * * LOW HITPOINT WARNING * * *
You hit Tonberry's ghost.
Tonberry's ghost is moderately damaged.
Tonberry's ghost whispers, "You will understand me better in a moment."
Tonberry's ghost casts a spell at you. The magic dart hits you.
* * * LOW HITPOINT WARNING * * *
You completely miss Tonberry's ghost.
Tonberry's ghost is moderately damaged.
Xom smiles on you.
Your +0 falchion of chaos looks sharp.
Tonberry's ghost casts a spell at you. The magic dart hits you.
* * * LOW HITPOINT WARNING * * *
You closely miss Tonberry's ghost.
Tonberry's ghost is moderately damaged.
Tonberry's ghost hits you.
* * * LOW HITPOINT WARNING * * *
You are electrocuted!!
You die...
Xom chuckles heartily!

>......#....#.......#
######.##############
...........####.#.###
.##....###.##..!.≈#.#
(#....####.#≈#~..~.####
.#...#.....#..⌠.#..##.#
.......##..##~..≈~~.#.#
###........####'W####.#####
#....##.......@..#......#
#....###.#..............#
#....# #.#.......#......#
#....# #.#..............#
#....# #.#.......#......#
#....# #.#.#######......#
#....# #.#..............#
#....# #.########.......#
###### #.# #.......#


You could see Tonberry's ghost.

Vanquished Creatures
  An orc priest (D:3)
  An orc wizard (D:3)
  Terence (D:2)
  Robin (D:2)
  An adder (D:2)
  3 dart slugs (D:1)
  3 orcs
  4 endoplasms
  4 giant cockroaches
  10 goblins
  9 hobgoblins
  8 jackals (D:1)
  3 quokkas
  5 ball pythons
  6 bats
  4 frilled lizards
  8 kobolds
  5 rats
77 creatures vanquished.

Vanquished Creatures (collateral kills)
  A rat (D:1)
1 creature vanquished.

Vanquished Creatures (others)
  A jackal zombie (D:1)
1 creature vanquished.

Grand Total: 79 creatures vanquished

Notes
Turn   | Place    | Note
-------+----------+-------------------------------------------
     0 | D:1      | Xavori the Djinni Chaos Knight began the quest for the Orb.
     0 | D:1      | Reached XP level 1. HP: 20/20 MP: 0/0
    41 | D:1      | Reached XP level 2. HP: 22/25 MP: 0/0
   234 | D:1      | XOM: scenery: create altars
   303 | D:1      | Reached XP level 3. HP: 30/30 MP: 0/0
   303 | D:1      | Learned a level 1 spell: Apportation
   304 | D:1      | Reached skill level 1 in Spellcasting
   304 | D:1      | Reached skill level 1 in Conjurations
   304 | D:1      | Reached skill level 1 in Hexes
   304 | D:1      | Reached skill level 1 in Summonings
   304 | D:1      | Reached skill level 1 in Necromancy
   304 | D:1      | Reached skill level 1 in Translocations
   304 | D:1      | Reached skill level 1 in Fire Magic
   304 | D:1      | Reached skill level 1 in Ice Magic
   304 | D:1      | Reached skill level 1 in Air Magic
   304 | D:1      | Reached skill level 1 in Earth Magic
   304 | D:1      | Reached skill level 1 in Alchemy
   389 | D:1      | XOM: 5-stop teleportation journey
   633 | D:2      | XOM: god gift: pair of boots {god gift}
   817 | D:1      | XOM: god gift: halberd {god gift}
   942 | D:1      | XOM: cloud trail
   945 | D:1      | XOM: 3-stop teleportation journey
  1639 | D:1      | XOM: summons 2 hostile demons
  1640 | D:1      | Noticed a hellwing
  2030 | D:1      | XOM: torment (18/30 hp)
  2187 | D:1      | XOM: give mutations
  2187 | D:1      | Gained mutation: Your body sometimes deteriorates upon
                  | taking damage. [Xom's mischief]
  2187 | D:1      | Gained mutation: You possess an exceptional clarity of
                  | mind. [Xom's mischief]
  2187 | D:1      | Gained mutation: You have hidden genetic defects. [Xom's
                  | mischief]
  2582 | D:1      | XOM: noise
  2964 | D:1      | XOM: scenery: summon butterflies
  3284 | D:1      | XOM: scenery: summon butterflies
  3798 | D:1      | XOM: give mutation
  3798 | D:1      | Gained mutation: You expend health (3 HP) to strengthen
                  | your wands. [Xom's grace]
  3857 | D:1      | XOM: summons 2 hostile demons
  3930 | D:1      | XOM is BORED!
  4541 | D:1      | XOM: god gift: 983 gold pieces
  4631 | D:1      | XOM is BORED!
  4676 | D:1      | XOM: god gift: 57 gold pieces
  5413 | D:1      | XOM: silly message
  5815 | D:1      | XOM: divination: detect items
  5828 | D:1      | XOM: god gift: 411 gold pieces
  6499 | D:1      | XOM: silly message
  7695 | D:1      | XOM: give mutation
  7695 | D:1      | Lost mutation: You have hidden genetic defects. [Xom's
                  | mischief]
  7846 | D:1      | XOM: summons 3 hostile shadow creatures
  8766 | D:1      | XOM: scenery: summon butterflies
  9625 | D:2      | Reached XP level 4. HP: 32/35 MP: 0/0
  9637 | D:2      | Noticed Terence
  9649 | D:2      | Killed Terence
  9859 | D:2      | Found Xysam's Book Boutique.
  9923 | D:2      | Noticed Robin
 10060 | D:2      | Reached XP level 5. HP: 40/40 MP: 0/0
 10060 | D:2      | Learned a level 2 spell: Mercury Vapours
 10138 | D:2      | Killed Robin
 10483 | D:3      | Found a shadowy altar of Dithmenos.
 10508 | D:4      | XOM: god gift: wand of quicksilver (3)
 10574 | D:4      | XOM: cloud trail
 10614 | D:4      | XOM: god gift: glowing cyan potion {god gift}
 10696 | D:3      | XOM: god gift: wand of charming (6)
 10733 | D:3      | XOM: enchant monster (good)
 10750 | D:3      | Reached XP level 6. HP: 46/46 MP: 0/0
 10781 | D:3      | Found a large runed translucent door.
 10781 | D:3      | Found a large runed translucent door.
 10785 | D:3      | Noticed Tonberry's ghost (amateur DgCj)
 10948 | D:3      | XOM: scenery: create altars
 11011 | D:3      | XOM: cleaving
 11012 | D:3      | Mangled by Tonberry's ghost

Illustrated notes

Levels and vault maps discovered:
D:1:      saegor_arrival_miasma, layout_rooms, serial_curves, eino_curves_03,
          eino_curves_02, minmay_tetromino_o2
D:2:      layout_rooms, serial_shops, nicolae_shop_crystal, minmay_3d_cube,
          uniq_terence, uniq_robin
D:3:      layout_basic, grunt_dithmenos_smoke, ebering_ghost_disaster_area
D:4:      layout_layer_cave, chequers_decorated_corner, minmay_shop_grid_forest,
          uniq_eustachio

Skill      XL: |  1  2  3  4  5 |
---------------+----------------+-----
Spellcasting   | 1 2 |  2.1
Conjurations   | 1 2 |  2.1
Hexes          | 1 2 |  2.1
Summonings     | 1 2 |  2.1
Necromancy     | 1 2 |  2.1
Translocations | 1 2 |  2.1
Fire Magic     | 1 2 |  2.1
Ice Magic      | 1 2 |  2.1
Air Magic      | 1 2 |  2.1
Earth Magic    | 1 2 |  2.1
Alchemy        | 1 2 |  2.1
Long Blades    | 3 |  3.3
Armour         | 2 |  2.2
Dodging        | 3 |  3.1
Fighting       | |  3.6

Action                     |  1- 3 |  4- 6 || total
---------------------------+-------+-------++-------
  Melee: Falchion          |   111 |   113 ||   224
         Punch             |     1 |       ||     1
   Cast: Mercury Vapours   |       |     2 ||     2
  Evoke: Wand              |       |     4 ||     4
    Use: Potion            |       |     2 ||     2
 Armour: Leather armour    |    87 |    92 ||   179
  Dodge: Dodged            |    88 |   100 ||   188

Table legend: (Time is in decaauts)
 A = Elapsed time spent in this place.
 B = Non-inter-level travel time spent in this place.
 C = Inter-level travel time spent in this place.
 D = Time resting spent in this place.
 E = Time spent auto-exploring this place.
 F = Levels seen in this place.
 G = Mean time per level.
                   A        B        C        D        E       F      G
               +--------+--------+--------+--------+--------+-----+--------+
         Total |  11047 |  10972 |     75 |   9113 |   1302 |   4 | 2761.8 |
       Dungeon |  11047 |  10972 |     75 |   9113 |   1302 |   4 | 2761.8 |
               +--------+--------+--------+--------+--------+-----+--------+

Top non-repeatable levels by time:
     D:1: 9486 daAuts
     D:2: 857 daAuts
     D:3: 556 daAuts
     D:4: 146 daAuts
